 Dungeon Crawl Stone Soup version 0.21-a0-504-g2eda330 (webtiles) character file.

18454 DogShitOnMyToe the Scholar of Death (level 12, -2/74 HPs)
             Began as a Mummy Necromancer on Nov 26, 2017.
             Was a Follower of Kikubaaqudgha.
             Killed from afar by a lindwurm (16 damage)
             ... with a blast of flame
             ... on level 4 of the Lair of Beasts on Nov 27, 2017.
             The game lasted 01:11:36 (14727 turns).

DogShitOnMyToe the Scholar of Death (MuNe)         Turns: 14727, Time: 01:11:44

Health: -2/74      AC: 10    Str: 11    XL:     12   Next: 27%
Magic:  24/25      EV: 11    Int: 19    God:    Kikubaaqudgha [*.....]
Gold:   698        SH:  0    Dex: 13    Spells: 15/29 levels left

rFire    . . .     SeeInvis .   n - +7 morningstar of Tubog {pain, rElec MR++}
rCold    + . .     Gourm    .   (no shield)
rNeg     + + +     Faith    .   d - +0 troll leather armour
rPois    ∞         Spirit   .   r - +1 hat
rElec    +         Reflect  .   h - +2 cloak
rCorr    .         Harm     .   m - +1 pair of gloves
MR       ++++.                  (no boots)
Stlth    ++........             p - amulet of magic regeneration
HPRegen  0.62/turn              a - ring of protection from magic
MPRegen  0.44/turn              w - ring of protection from fire

@: no status effects
A: no food or potions, fire vulnerability, cold resistance 1, negative energy
resistance 3, torment resistance, unbreathing
a: Receive Corpses, Renounce Religion


You were on level 4 of the Lair of Beasts.
You worshipped Kikubaaqudgha.
Kikubaaqudgha was aware of your devotion.
You were not hungry.

You visited 3 branches of the dungeon, and saw 16 of its levels.

You collected 698 gold pieces.

Inventory:

Hand Weapons
 l - a +2 short sword of electrocution
 n - the +7 morningstar of Tubog (weapon) {pain, rElec MR++}
   (You found it on level 3 of the Lair of Beasts)

   In the hands of one skilled in necromantic magic, it inflicts extra damage on
   living creatures.
   It insulates you from electricity.
   It affects your resistance to hostile enchantments.
Armour
 d - a +0 troll leather armour (worn)
 e - a +0 helmet
 h - a +2 cloak (worn)
 m - a +1 pair of gloves (worn)
 r - a +1 hat (worn)
Jewellery
 a - a ring of protection from magic (left hand)
 p - an amulet of magic regeneration (around neck)
 q - an uncursed ring of see invisible
 w - a ring of protection from fire (right hand)
 x - a +4 ring of dexterity
 B - an uncursed ring of fire
Wands
 j - a wand of acid (10)
 H - a wand of iceblast (3)
 J - a wand of digging (13)
 K - a wand of random effects (20)
Scrolls
 c - 2 scrolls of amnesia
 f - 5 scrolls of enchant armour
 g - 6 scrolls of fog
 k - 3 scrolls of immolation
 o - 3 scrolls of teleportation
 s - 4 scrolls of enchant weapon
 t - 3 scrolls of random uselessness
 u - 2 scrolls of magic mapping
 v - 7 scrolls of remove curse
 y - a scroll of noise
 A - a scroll of vulnerability
 E - a scroll of silence {unknown}
Books
 b - a book of Necromancy

   Spells                             Type                      Level
   a - Pain                           Necromancy                   1
   b - Animate Skeleton               Necromancy                   1
   c - Vampiric Draining              Necromancy                   3
   d - Regeneration                   Charms/Necromancy            3
   e - Animate Dead                   Necromancy                   4
   f - Control Undead                 Necromancy                   4
 i - a book of Changes

   Spells                             Type                      Level
   a - Beastly Appendage              Transmutation                1
   b - Sticks to Snakes               Transmutation                2
   c - Spider Form                    Transmutation/Poison         3
   d - Ice Form                       Ice/Transmutation            4
   e - Blade Hands                    Transmutation                5
 D - a book of Frost

   Spells                             Type                      Level
   a - Freeze                         Ice                          1
   b - Throw Frost                    Conjuration/Ice              2
   c - Ozocubu's Armour               Charms/Ice                   3
   d - Throw Icicle                   Conjuration/Ice              4
   e - Summon Ice Beast               Ice/Summoning                4
 F - Kikubaaqudgha's Incunabulum of Black Rituals
   (Kikubaaqudgha gifted it to you on level 2 of the Lair of Beasts)

   Spells                             Type                      Level
   a - Animate Skeleton               Necromancy                   1
   b - Pain                           Necromancy                   1
   c - Corpse Rot                     Necromancy                   2
   d - Vampiric Draining              Necromancy                   3
   e - Control Undead                 Necromancy                   4
 G - a book of Misfortune

   Spells                             Type                      Level
   a - Confusing Touch                Hexes                        1
   b - Confuse                        Hexes                        3
   c - Gell's Gravitas                Translocation                3
   d - Petrify                        Transmutation/Earth          4
   e - Metabolic Englaciation         Hexes/Ice                    5
   f - Yara's Violent Unravelling     Hexes/Transmutation          5
Miscellaneous
 C - a fan of gales (inert)
 I - a phantom mirror


   Skills:
 - Level 8.0 Short Blades
 - Level 1.5 Dodging
 - Level 1.5 Stealth
 + Level 9.4 Spellcasting
 - Level 15.9 Necromancy


You had 15 spell levels left.
You knew the following spells:

 Your Spells              Type           Power        Failure   Level  Hunger
a - Pain                  Necr           ####         0%          1    N/A
b - Vampiric Draining     Necr           ######....   1%          3    N/A
c - Animate Dead          Necr           N/A          1%          4    N/A
d - Control Undead        Necr           ######....   1%          4    N/A
e - Corpse Rot            Necr           N/A          1%          2    N/A

Dungeon Overview and Level Annotations

Branches:
Dungeon (11/15)            Temple (1/1) D:7            Lair (4/6) D:9
  Swamp (0/4) Lair:2       Spider (0/4) Lair:3
    Orc: D:9-12

Altars:
Ashenzari
Cheibriados
Dithmenos
Elyvilon
Fedhas
Gozag
Hepliaklqana
Kikubaaqudgha
Makhleb
Nemelex Xobeh
Okawaru
Qazlal
Ru
Sif Muna
Trog
Uskayaw
Vehumet
Wu Jian
Xom
Yredelemnul
Zin
The Shining One

Shops:
D:9 =

Annotations:
Lair:2 exclusions: downstairs, lindwurm and 3 more exclusions


Innate Abilities, Weirdness & Mutations

You do not eat or drink.
Your flesh is vulnerable to fire.
You are immune to poison.
Your flesh is cold resistant. (rC+)
You are immune to negative energy. (rN+++)
You are immune to unholy pain and torment.
You can survive without breathing.


Message History

The lindwurm breathes flames at you. The blast of flame hits you!
* * * LOW HITPOINT WARNING * * *
Your polar bear zombie barely misses the lindwurm.
Your polar bear zombie claws the lindwurm but does no damage. x2
The lindwurm bites you!
* * * LOW HITPOINT WARNING * * *
The lindwurm claws you.
* * * LOW HITPOINT WARNING * * *
The lindwurm claws you but does no damage.
Unknown command.
Press: ? - help, v - describe, . - travel A rock wall.
Your polar bear zombie bites the lindwurm!
Your polar bear zombie claws the lindwurm but does no damage. x2
The lindwurm breathes flames at your polar bear zombie.
The blast of flame hits your polar bear zombie.
The blast of flame hits you!
You die...
Kikubaaqudgha rasps: "You have failed me!
Welcome... oblivion!"

.....#...#......#..# ##..
............##.##### #P..
.....P......#.## ##...
.....#........### ##....
<...............# #...#.
........!.####.## #### ###.##
.........## ### ####..#########
.......#.#####.###.......#...####
.....#..###...kZ@..≈≈≈≈§§§§#..#.#
.....##..##§≈≈≈..≈≈§...§≈≈§#...##
....####.##...≈§≈≈......§§§#...#
.....###.###......########...#.##
...####..########## ##.##..# ...#
#....##### ##########.... ..##
##.......## ###.#...# #.##. ###
#.........###...#...# ####.
#....####...#.......### ##


You could see a lindwurm and a friendly polar bear zombie.

Vanquished Creatures
  The ghost of zazu2006 the Reanimator, a journeyman DDNe of Okawaru (Lair:2)
  A hydra (Lair:3)
  A two-headed ogre (D:8)
  Nergalle (Lair:3)
  A wolf spider (Lair:3)
  Maurice (D:10)
  Joseph (D:8)
  The ghost of DogShitOnMyToe the Destroyer, a novice DEWz of Vehumet (D:6)
  A black mamba (Lair:3)
  4 spiny frogs
  2 komodo dragons
  2 polar bears
  2 trolls (D:9)
  3 blink frogs
  7 dream sheep
  11 yaks
  A wraith (D:10)
  3 wyverns
  3 basilisks
  5 water moccasins
  2 porcupines
  3 ice beasts
  An orc warrior (D:7)
  2 sky beasts
  2 black bears
  2 phantoms
  3 necrophages
  2 ogres
  2 centaurs
  7 crocodiles
  3 big kobolds
  8 bullfrogs
  2 scorpions
  3 killer bees (D:10)
  5 electric eels
  A howler monkey (D:4)
  5 crimson imps
  A bullfrog zombie (D:5)
  5 hounds
  Crazy Yiuf (D:2)
  2 bullfrog skeletons
  3 jellies
  6 orc wizards
  3 orc priests
  A centaur skeleton (D:5)
  7 iguanas
  6 worker ants
  A hound skeleton (D:5)
  3 gnolls (D:7)
  10 adders
  2 oozes
  3 adder skeletons
  4 dart slugs
  8 leopard geckos
  31 orcs
  13 giant cockroaches
  7 goblins
  5 hobgoblins
  14 jackals
  16 kobolds
  3 quokkas
  7 bats
  5 frilled lizards
  A jackal skeleton (D:8)
  2 leopard gecko skeletons
  A quokka zombie (D:6)
  7 rats
283 creatures vanquished.

Vanquished Creatures (collateral kills)
  3 hydras
  Urug (Lair:3)
  Sonja (Lair:4)
  2 spiny frogs
  A rime drake (Lair:2)
  The ghost of Alex the Cudgeler, an amateur NaWr (D:4)
  A polar bear (Lair:3)
  A blink frog (Lair:2)
  A water moccasin (Lair:3)
  3 porcupines
  A black bear (Lair:1)
  3 crocodiles
  A bullfrog (Lair:3)
  Blork the orc (D:5)
  3 orc wizards (D:7)
  An orc priest (D:4)
  A worker ant (D:7)
  An adder (D:5)
  A gnoll (D:9)
  A shadow imp (D:5)
  A leopard gecko (D:8)
  An orc (D:7)
  A hobgoblin (D:4)
  A jackal (D:7)
  A kobold (D:3)
  2 fungi (Lair:4)
  2 plants
38 creatures vanquished.

Vanquished Creatures (others)
  A fungus (Lair:2)
  A plant (Lair:2)
2 creatures vanquished.

Grand Total: 323 creatures vanquished

Notes
Turn   | Place    | Note
-------+----------+-------------------------------------------
     0 | D:1      | DogShitOnMyToe the Mummy Necromancer began the quest for the Orb.
     0 | D:1      | Reached XP level 1. HP: 13/13 MP: 4/4
   118 | D:1      | Reached skill level 3 in Spellcasting
   175 | D:1      | Reached XP level 2. HP: 19/19 MP: 0/6
   646 | D:1      | Reached XP level 3. HP: 24/24 MP: 4/8
   663 | D:1      | Learned a level 3 spell: Vampiric Draining
   948 | D:2      | Found a hazy altar of Hepliaklqana.
   952 | D:2      | Noticed an ice beast
   993 | D:2      | Found a runed door.
  1027 | D:2      | Reached skill level 4 in Spellcasting
  1327 | D:2      | Reached XP level 4. HP: 26/30 MP: 0/10
  1392 | D:2      | Reached skill level 5 in Necromancy
  1602 | D:2      | Killed an ice beast
  1602 | D:2      | Reached skill level 5 in Spellcasting
  1602 | D:2      | Reached XP level 5. HP: 25/35 MP: 7/12
  1743 | D:2      | Learned a level 4 spell: Animate Dead
  1748 | D:2      | Learned a level 4 spell: Control Undead
  1748 | D:2      | Noticed Crazy Yiuf
  1752 | D:2      | HP: 17/35 [Crazy Yiuf/quarterstaff of chaos (13)]
  1754 | D:2      | Killed Crazy Yiuf
  2228 | D:3      | Found a sparkling altar of Nemelex Xobeh.
  2594 | D:4      | Noticed Alex's ghost (amateur NaWr)
  2594 | D:4      | Alex's ghost turns its malevolent gaze towards you.
  2617 | D:4      | Reached XP level 6. HP: 40/41 MP: 10/14
  2632 | D:4      | Reached skill level 6 in Spellcasting
  2632 | D:4      | Reached skill level 6 in Necromancy
  2828 | D:4      | Reached skill level 7 in Necromancy
  2832 | D:4      | Reached XP level 7. HP: 45/46 MP: 16/16
  3120 | D:4      | HP: 20/46 [Alex's ghost (17)]
  3126 | D:4      | Killed Alex's ghost
  3126 | D:4      | Reached skill level 8 in Necromancy
  3466 | D:4      | Found a blossoming altar of Fedhas.
  3467 | D:4      | Found a glowing golden altar of the Shining One.
  3499 | D:5      | Entered Level 5 of the Dungeon
  3801 | D:5      | Reached skill level 9 in Necromancy
  3872 | D:5      | Found a shadowy altar of Dithmenos.
  3875 | D:5      | Reached XP level 8. HP: 52/52 MP: 14/17
  3894 | D:5      | Noticed Blork the orc
  3899 | D:5      | Killed Blork the orc
  4310 | D:6      | Reached skill level 10 in Necromancy
  5038 | D:6      | Noticed DogShitOnMyToe's ghost (novice DEWz)
  5199 | D:7      | HP: 24/52 [orc wizard/puff of flame (9)]
  5431 | D:7      | Reached skill level 11 in Necromancy
  5486 | D:7      | Found a hide-covered altar of Uskayaw.
  5488 | D:7      | Found a sacrificial altar of Ru.
  5530 | D:7      | Reached XP level 9. HP: 43/57 MP: 11/18
  5577 | D:7      | Noticed a hand axe
  5578 | D:7      | Noticed a dagger
  5757 | D:7      | HP: 28/57 [centaur (6)]
  5926 | D:7      | HP: 28/57 [orc wizard/flail (4)]
  5929 | D:7      | Reached skill level 12 in Necromancy
  5938 | D:7      | HP: 20/57 [orc/trident (11)]
  6152 | D:7      | Found a staircase to the Ecumenical Temple.
  6162 | Temple   | Entered the Ecumenical Temple
  6384 | D:7      | Found a deep blue altar of Sif Muna.
  6881 | D:6      | DogShitOnMyToe's ghost turns its malevolent gaze towards you.
  6892 | D:6      | HP: 28/57 [DogShitOnMyToe's ghost (5)]
  6897 | D:6      | HP: 14/57 [DogShitOnMyToe's ghost (7)]
  6898 | D:6      | Killed DogShitOnMyToe's ghost
  6903 | D:6      | HP: 13/57 [adder skeleton (1)]
  7285 | D:8      | Noticed Joseph
  7508 | D:8      | HP: 26/57 [sky beast (6)]
  7554 | D:8      | HP: 28/57 [phantom (4)]
  7560 | D:8      | HP: 21/57 [phantom (6)]
  7565 | D:8      | HP: 16/57 [phantom (4)]
  7839 | D:8      | Noticed a two-headed ogre
  7995 | D:8      | HP: 18/57 [ogre/giant club (22)]
  7997 | D:7      | Reached skill level 13 in Necromancy
  8421 | D:8      | Found a shimmering altar of Xom.
  8589 | D:8      | HP: 22/57 [two-headed ogre/giant club (19)]
  8590 | D:8      | Killed a two-headed ogre
  8590 | D:8      | Reached XP level 10. HP: 24/63 MP: 0/19
  8846 | D:8      | HP: 22/63 [Joseph/uncursed quarterstaff (13)]
  8848 | D:8      | Killed Joseph
  8848 | D:8      | Reached skill level 14 in Necromancy
  9106 | D:8      | Identified a book of Misfortune
  9193 | D:9      | Found Qierhoiph's Jewellery Shop.
  9308 | D:9      | HP: 24/63 [troll (8)]
  9547 | D:9      | Identified a book of Changes
  9687 | D:9      | HP: 27/63 [electric eel/bolt of electricity (10)]
  9702 | D:9      | HP: 24/63 [electric eel/bolt of electricity (12)]
  9866 | D:9      | Found a staircase to the Lair.
  9873 | D:9      | Noticed a four-headed hydra
  9879 | D:9      | Found a burning altar of Makhleb.
  9910 | D:9      | Found an ancient bone altar of Kikubaaqudgha.
  9918 | D:9      | Became a worshipper of Kikubaaqudgha
 10035 | D:9      | Found a basalt altar of Yredelemnul.
 10180 | D:9      | HP: 25/63 [four-headed hydra (13)]
 10180 | D:9      | HP: 12/63 [four-headed hydra (13)]
 10220 | D:10     | Entered Level 10 of the Dungeon
 10220 | D:10     | Noticed a two-headed ogre
 10258 | D:10     | Noticed Maurice
 10277 | D:10     | Killed Maurice
 10327 | D:10     | HP: 31/63 [wyvern (8)]
 10405 | D:10     | Found an iron altar of Okawaru.
 10428 | D:10     | HP: 31/63 [wraith (4)]
 10455 | D:10     | Reached skill level 15 in Necromancy
 10532 | D:10     | Noticed a gargoyle
 10630 | Lair:1   | Entered Level 1 of the Lair of Beasts
 10702 | Lair:1   | Noticed a spiny frog
 10714 | Lair:1   | Killed a spiny frog
 10910 | Lair:1   | Identified a book of Frost
 11014 | Lair:1   | HP: 29/63 [wyvern (10)]
 11642 | Lair:2   | Noticed zazu2006's ghost (journeyman DDNe)
 11643 | Lair:2   | zazu2006's ghost turns its malevolent gaze towards you.
 11670 | Lair:2   | Killed zazu2006's ghost
 11670 | Lair:2   | Reached skill level 2 in Short Blades
 11670 | Lair:2   | Reached XP level 11. HP: 56/68 MP: 20/20
 11739 | Lair:2   | HP: 30/68 [spiny frog (17)]
 11740 | Lair:2   | Reached skill level 3 in Short Blades
 11805 | Lair:2   | Found a staircase to the Swamp.
 11818 | Lair:2   | Reached * piety under Kikubaaqudgha
 11818 | Lair:2   | Identified Kikubaaqudgha's Incunabulum of Black Rituals (Kikubaaqudgha gifted it to you on level 2 of the Lair of Beasts)
 11818 | Lair:2   | Received a gift from Kikubaaqudgha
 11830 | Lair:2   | Reached skill level 4 in Short Blades
 11844 | Lair:2   | Learned a level 2 spell: Corpse Rot
 11909 | Lair:2   | Noticed a seven-headed hydra
 11914 | Lair:3   | Noticed a six-headed hydra
 11976 | Lair:2   | Noticed a lindwurm
 11982 | Lair:2   | Noticed a lindwurm
 12071 | Lair:2   | HP: 32/68 [seven-headed hydra (7)]
 12072 | Lair:2   | HP: 12/68 [seven-headed hydra (12)]
 12075 | Lair:2   | Killed a seven-headed hydra
 12197 | Lair:2   | Noticed a lindwurm
 12206 | Lair:2   | Noticed a lindwurm
 12630 | Lair:3   | Reached skill level 5 in Short Blades
 12681 | Lair:3   | Noticed a wolf spider
 12780 | Lair:2   | Reached skill level 6 in Short Blades
 12963 | Lair:3   | HP: 31/68 [komodo dragon (25)]
 13040 | Lair:3   | Reached skill level 7 in Short Blades
 13053 | Lair:3   | Killed a wolf spider
 13111 | Lair:3   | Found a hole to the Spider Nest.
 13154 | Lair:3   | HP: 30/68 [yak (11)]
 13170 | Lair:3   | HP: 32/68 [yak (12)]
 13233 | Lair:3   | Reached skill level 8 in Short Blades
 13237 | Lair:3   | Got a smoking morningstar
 13238 | Lair:3   | Identified the +7 morningstar of Tubog {pain, rElec MR++} (You found it on level 3 of the Lair of Beasts)
 13319 | Lair:3   | Noticed Urug
 13331 | Lair:3   | HP: 24/68 [Urug/javelin (28)]
 13339 | Lair:3   | Killed Urug
 13347 | Lair:3   | Killed a six-headed hydra
 13515 | Lair:3   | Reached XP level 12. HP: 74/74 MP: 21/21
 13527 | Lair:3   | Noticed a six-headed hydra
 13540 | Lair:3   | Killed a six-headed hydra
 13560 | Lair:3   | Noticed Nergalle
 13569 | Lair:3   | Killed Nergalle
 13569 | Lair:3   | Reached skill level 7 in Spellcasting
 13870 | Lair:3   | Reached skill level 8 in Spellcasting
 13950 | Lair:4   | Reached ** piety under Kikubaaqudgha
 14043 | Lair:4   | HP: 32/74 [porcupine's spines (8)]
 14046 | Lair:4   | Noticed Sonja
 14047 | Lair:4   | HP: 11/74 [acid (10)]
 14308 | Lair:4   | HP: 37/74 [spiny frog (21)]
 14325 | Lair:4   | Noticed an eight-headed hydra
 14346 | Lair:4   | Killed an eight-headed hydra
 14346 | Lair:4   | Reached skill level 9 in Spellcasting
 14401 | Lair:4   | HP: 36/74 [acid (14)]
 14402 | Lair:4   | Killed Sonja
 14726 | Lair:4   | HP: 26/74 [lindwurm/blast of flame (20)]
 14727 | Lair:4   | Killed from afar by a lindwurm

Vault maps used:
D:1:      lemuel_arrival_muddy
D:2:      overflow_temple_1_default, eino_tiny_chamber, uniq_crazy_yiuf_cottage
D:3:      first_bread, nemelex_altar_shiori
D:4:      minmay_wonky_spiral, gammafunk_temple_overflow_statue,
          minmay_checkerbox
D:5:      grunt_dithmenos_smoke_and_mirrors, uniq_blork_the_orc
D:7:      minmay_cornered_nines, led_sif_book, lemuel_doored_altar,
          dancing_weapons_uskayaw, minmay_temple_entry_statues_fountains
D:8:      nicolae_overflow_hidden_temple, uniq_joseph
D:9:      kennysheep_blocky_hall, marbit_many_paths, kiku_gazebo_pond_becter,
          nicolae_overflow_crystal_walls, serial_shops, shop
D:10:     grunt_livestock, okawaru_ov_weapons_minmay, uniq_maurice,
          uniq_josephine
D:11:     serial_shops, kennysheep_mini, uniq_harold
Temple:   eino_temple_lava
Lair:1:   serial_bayou_pond_d, grunt_megastairs_3
Lair:2:   minmay_swamp_entry_reptiles, minmay_lindwurm_lava
Lair:3:   spider_nest_entry_rubble, gammafunk_lair_bear_cave, uniq_urug,
          uniq_nergalle
Lair:4:   nicolae_volcano_entry_vermiform, uniq_sonja

Skill      XL: |  1  2  3  4  5  6  7  8  9 10 11 12 |
---------------+-------------------------------------+-----
Spellcasting   | 3 4 5 6 9 |  9.4
Necromancy     | 5 7 9 11 13 15 | 15.9
Short Blades   | 2 8 |  8.0
Dodging        | |  1.5
Stealth        | |  1.5

Action                   |  1- 3 |  4- 6 |  7- 9 | 10-12 || total
-------------------------+-------+-------+-------+-------++-------
Melee: Short sword       |       |    30 |   236 |   195 ||   461
       Morningstar       |       |       |       |    55 ||    55
 Cast: Pain              |    85 |   115 |   143 |   197 ||   540
       Vampiric Draining |       |     5 |    31 |    64 ||   100
       Animate Dead      |       |     4 |    31 |    43 ||    78
       Control Undead    |       |       |       |     3 ||     3
Invok: Receive Corpses   |       |       |       |     4 ||     4
Evoke: Phantom mirror    |       |       |     1 |       ||     1
       Wand              |       |       |     3 |    16 ||    19
       Fan of gales      |       |       |     1 |     1 ||     2
  Use: Scroll            |       |       |       |    16 ||    16
 Stab: Sleeping          |       |       |     2 |       ||     2
       Distracted        |       |       |     1 |       ||     1
       Held in net/web   |       |       |       |     1 ||     1
Armor: Robe              |    10 |    11 |    71 |     1 ||    93
       Troll leather arm |       |       |       |   102 ||   102
Dodge: Dodged            |    30 |    36 |   212 |   187 ||   465

Table legend:
 A = Spawn XP
 B = Non-spawn XP
 C = Spawn XP percentage of total XP
 D = Spawn monster count
 E = Non-spawn monster count
 F = Spawn count percentage of total count
 G = Total turns spent on level
                    A         B        C        D         E        F      G
               +---------+---------+-------+---------+---------+-------+---------
         Total |       0 |   26364 |   0.0 |       0 |     317 |   0.0 | 14727
               +---------+---------+-------+---------+---------+-------+---------
           D:1 |       0 |      48 |   0.0 |       0 |      22 |   0.0 |  1092
           D:2 |       0 |     263 |   0.0 |       0 |      24 |   0.0 |   894
           D:3 |       0 |      47 |   0.0 |       0 |      24 |   0.0 |   531
           D:4 |       0 |     850 |   0.0 |       0 |      40 |   0.0 |   982
           D:5 |       0 |     455 |   0.0 |       0 |      17 |   0.0 |   697
           D:6 |       0 |    1195 |   0.0 |       0 |      20 |   0.0 |  1718
           D:7 |       0 |    1545 |   0.0 |       0 |      46 |   0.0 |  2088
           D:8 |       0 |    1833 |   0.0 |       0 |      18 |   0.0 |  1115
           D:9 |       0 |    1259 |   0.0 |       0 |      16 |   0.0 |  1123
          D:10 |       0 |    1419 |   0.0 |       0 |      12 |   0.0 |   307
          D:11 |       0 |      88 |   0.0 |       0 |       1 |   0.0 |     7
        Lair:1 |       0 |    1481 |   0.0 |       0 |      10 |   0.0 |   986
        Lair:2 |       0 |    6121 |   0.0 |       0 |      25 |   0.0 |  1210
        Lair:3 |       0 |    7260 |   0.0 |       0 |      32 |   0.0 |  1211
        Lair:4 |       0 |    2500 |   0.0 |       0 |      10 |   0.0 |   690
               +---------+---------+-------+---------+---------+-------+---------
